 Dungeon Crawl Stone Soup version 0.28-a0-105-g49a0850c41 (webtiles) character file.

Game seed: 7890331785612400006

104 voltaire321 the Ducker (level 4, -2/35 HPs)
             Began as a Merfolk Gladiator on Aug 11, 2021.
             Slain by a water moccasin (8 damage)
             ... on level 4 of the Dungeon.
             The game lasted 00:06:39 (3480 turns).

voltaire321 the Ducker (Merfolk Gladiator)          Turns: 3480, Time: 00:06:40

Health: -2/35      AC:  6    Str: 14    XL:     4   Next: 80%
Magic:  4/4        EV: 12    Int:  7    God:
Gold:   102        SH:  4    Dex: 16    Spells: 3/3 levels left

rFire   . . .      SeeInvis .   a - +0 long sword
rCold   . . .      Faith    .   p - +0 buckler
rNeg    . . .      Spirit   .   e - +0 ring mail
rPois   .          Reflect  .   c - +0 helmet
rElec   .          Harm     .   (no cloak)
rCorr   .          Rampage  .   (no gloves)
Will    .....                   (no boots)
Stlth   +.........              (no amulet)
HPRegen 0.11/turn               (no ring)
MPRegen 0.09/turn               (no ring)

@: lethally poisoned (-2 -> -18)
A: (nimble swimmer 2), mertail
a: no special abilities


You were on level 4 of the Dungeon.
You visited 1 branch of the dungeon, and saw 4 of its levels.

You collected 102 gold pieces.

Inventory:

Hand Weapons
 a - a +0 long sword (weapon)
Missiles
 d - 3 throwing nets (quivered)
Armour
 c - a +0 helmet (worn)
 e - a +0 ring mail (worn)
 p - a +0 buckler (worn)
Wands
 k - a wand of polymorph (10)
Scrolls
 f - a scroll of blinking {unknown}
 i - a scroll of magic mapping {unknown}
 j - a scroll of brand weapon {unknown}
 q - a scroll of enchant weapon {unknown}
Potions
 b - a potion of brilliance {unknown}
 g - a potion of heal wounds {unknown}
 h - a potion of invisibility {unknown}
 l - 2 potions of lignification {unknown}
 m - a potion of berserk rage {unknown}
 n - 2 potions of curing {unknown}
 o - 2 potions of magic {unknown}
 r - a potion of might {unknown}


   Skills:
 + Level 3.2 Fighting
 + Level 4.0 Long Blades
 + Level 2.7 Throwing
 + Level 0.3 Armour
 + Level 4.9 Dodging
 + Level 0.3 Shields


You had 3 spell levels left.
You didn't know any spells.
Your spell library was empty.

Dungeon Overview and Level Annotations

Branches:
Dungeon (4/15)
 Temple: D:4-7

Altars:
Nemelex Xobeh
Qazlal


Innate Abilities, Weirdness & Mutations

((You are quick and stealthy near water. (Stealth+, EV+, Speed+++)))
Your lower body shifts to a powerful aquatic tail in water.


Message History

A ball python comes into view.
The ball python hisses angrily.
Found a stone staircase leading down.
There is a stone staircase leading up here.
Found a robe.
The ball python barely misses you. The ball python grabs you.
The ball python constricts you.
You hit the ball python but do no damage.
The ball python bites you but does no damage.
The ball python constricts you. The ball python bites you.
The ball python constricts you.
You hit the ball python.
The ball python is moderately wounded.
The ball python completely misses you. The ball python constricts you.
You closely miss the ball python.
The ball python is moderately wounded.
You block the ball python's attack. The ball python constricts you.
The ball python barely misses you.
You riposte.
You hit the ball python.
You kill the ball python!
You see here a ball python corpse.
An orc comes into view. It is wielding a +0 short sword.
A water moccasin comes into view.
The water moccasin hisses angrily.
The orc hits you with a +0 short sword.
You slash the orc!
You kill the orc!
You barely miss the water moccasin. The water moccasin bites you.
You are poisoned.
The water moccasin poisons you! The water moccasin bites you.
You are lethally poisoned!
The water moccasin poisons you!
You miss the water moccasin.
You feel extremely sick. The water moccasin bites you!
You hit the water moccasin.
The water moccasin is lightly wounded.
* * * LOW HITPOINT WARNING * * *
You feel very sick. You block the water moccasin's attack.
The water moccasin bites you!
You die...

######.#####
##...<#.#...##
##.†...#.#....##
#......#.#.....#
#..>...........#
#..............#
#........S[....#
#.......@......#
##............##
##..........##
############


You could see a water moccasin.

Vanquished Creatures
  2 adders (D:3)
  3 worms (D:2)
  3 dart slugs
  2 orcs
  5 ball pythons
  7 bats
  6 endoplasms
  A giant cockroach (D:3)
  9 hobgoblins
  5 jackals
  4 kobolds
  4 quokkas
  7 goblins
  4 rats
62 creatures vanquished.

Vanquished Creatures (others)
  4 plants (D:1)
  10 withered plants (D:1)
14 creatures vanquished.

Grand Total: 76 creatures vanquished

Notes
Turn   | Place    | Note
-------+----------+-------------------------------------------
     0 | D:1      | voltaire321 the Merfolk Gladiator began the quest for the
                  | Orb.
     0 | D:1      | Reached XP level 1. HP: 16/16 MP: 1/1
   336 | D:1      | Found a faded altar of an unknown god.
   635 | D:1      | Reached XP level 2. HP: 23/23 MP: 2/2
  1146 | D:2      | Reached XP level 3. HP: 3/28 MP: 3/3
  1954 | D:2      | Found a sparkling altar of Nemelex Xobeh.
  2281 | D:2      | Reached XP level 4. HP: 25/35 MP: 4/4
  2810 | D:3      | Found a stormy altar of Qazlal.
  3475 | D:4      | Noticed a water moccasin
  3480 | D:4      | Slain by a water moccasin

Illustrated notes

Levels and vault maps discovered:
D:1:      dpeg_arrival_windows_large_door, layout_loops_cross,
          shapermc_ecumenical_altar_flowoftime, grunt_decor_one_mirror
D:2:      layout_loops_ring, basic_altar, dk_vineyard_1, minmay_quadrilaterals
D:3:      layout_basic, nicolae_qazlal_eye_of_the_storm, columned_hall_lemuel
D:4:      minmay_spotlight, layout_rooms, uniq_sigmund

Skill      XL: |  1  2  3  4 |
---------------+-------------+-----
Fighting       | 3 |  3.2
Long Blades    | 4 |  4.0
Throwing       | |  2.7
Armour         | |  0.3
Dodging        | |  4.9
Shields        | |  0.3

Action                   |  1- 3 |  4- 6 || total
-------------------------+-------+-------++-------
Melee: Long sword        |   132 |    71 ||   203
Armor: Leather armour    |     5 |       ||     5
       Ring mail         |    56 |    35 ||    91
Dodge: Dodged            |   119 |    54 ||   173
Block: Buckler           |       |    10 ||    10
       Rpst.: Long sword |    33 |    14 ||    47

Table legend: (Time is in decaauts)
 A = Elapsed time spent in this place.
 B = Non-inter-level travel time spent in this place.
 C = Inter-level travel time spent in this place.
 D = Time resting spent in this place.
 E = Time spent auto-exploring this place.
 F = Levels seen in this place.
 G = Mean time per level.
                   A        B        C        D        E       F      G
               +--------+--------+--------+--------+--------+-----+--------+
         Total |   3529 |   3499 |     30 |   1194 |   1625 |   4 |  882.2 |
       Dungeon |   3529 |   3499 |     30 |   1194 |   1625 |   4 |  882.2 |
               +--------+--------+--------+--------+--------+-----+--------+

Top non-repeatable levels by time:
     D:1: 1565 daAuts
     D:2: 1084 daAuts
     D:3: 857 daAuts
     D:4: 21 daAuts
